 Dungeon Crawl Stone Soup version 0.30-b1-5-g8e6c1be481 (webtiles) character file.

Game seed: 197375527187771960

891 Gabide the Cutter (level 8, -1/67 (80) HPs)
             Began as an Ogre Monk on May 4, 2023.
             Was a Believer of Elyvilon.
             Slain by a wight
             ... wielding a +5 trident of freezing
              (10 damage)
             ... on level 6 of the Dungeon.
             The game lasted 00:07:57 (4586 turns).

Gabide the Cutter (Ogre Monk)                       Turns: 4586, Time: 00:07:57

HP:   -1/67 (80)    AC:  6    Str: 18    XL:     8   Next: 6%
MP:   8/8           EV: 10    Int: 11    God:    Elyvilon [**....]
Gold: 228           SH:  0    Dex: 11    Spells: 7/7 levels left

rFire   . . .        a - +4 quick blade (venom)
rCold   . . .        d - orb {light}
rNeg    . . .        b - +0 robe
rPois   .            (helmet restricted)
rElec   .            f - +2 cloak
rCorr   .            (gloves unavailable)
SInv    .            (boots unavailable)
Will    .....        (no amulet)
Stlth   +            (no ring)
HPRegen 0.31/turn    (no ring)
MPRegen 0.11/turn

%: no passive effects
@: hasted, glowing, heavily drained, very quick
A: large, unfitting armour, tough skin 1
a: Renounce Religion, Purification, Heal Other


You were on level 6 of the Dungeon.
You worshipped Elyvilon.
Elyvilon was pleased with you.
You visited 2 branches of the dungeon, and saw 7 of its levels.

You collected 228 gold pieces.

Inventory:

Hand Weapons
 a - a +4 quick blade of venom (weapon)
Missiles
 i - 8 datura-tipped darts
 j - 2 boomerangs
 m - 3 curare-tipped darts
Armour
 b - a +0 robe (worn)
 d - an orb of light (worn)
 f - a +2 cloak (worn)
Wands
 l - a wand of mindburst (11) (quivered)
Scrolls
 n - 2 scrolls of magic mapping
 q - a scroll of immolation
 r - a scroll of amnesia
Potions
 c - a potion of ambrosia
 e - a potion of flight
 g - 5 potions of curing
 h - a potion of haste
 k - a potion of heal wounds
 o - a potion of invisibility
 p - 2 potions of cancellation


   Skills:
 - Level 5.1 Fighting
 + Level 7.2 Short Blades
 - Level 3.8 Axes
 - Level 3.2 Dodging


You had 7 spell levels left.
You didn't know any spells.
Your spell library contained the following spells:

 Spells                   Type           Power      Damage    Failure   Level
 Kiss of Death            Conj/Necr      0%         2d5       34%         1
 Summon Small Mammal      Summ           0%         N/A       34%         1
 Call Canine Familiar     Summ           0%         N/A       71%         3
 Confusing Touch          Hex            0%         N/A       71%         3
 Summon Guardian Golem    Hex/Summ       0%         N/A       71%         3
 Dispel Undead            Necr           0%         3d6       98%         4


Dungeon Overview and Level Annotations

Branches:
Dungeon (6/15)             Temple (1/1) D:6

Altars:
Ashenzari
Cheibriados
Dithmenos
Elyvilon
Gozag
Makhleb
Nemelex Xobeh
Okawaru
Sif Muna
Trog
Uskayaw
Yredelemnul
Zin
The Shining One

Shops:
D:5 *


Innate Abilities, Weirdness & Mutations

You are too large for most types of armour.
You have tough skin. (AC +1)


Message History

* * * LOW HITPOINT WARNING * * *
The wight hits you with a +6 short sword of freezing!
* * * LOW HITPOINT WARNING * * *
You feel drained.
* * * LOW HITPOINT WARNING * * *
The wight freezes you.
* * * LOW HITPOINT WARNING * * *
The wight closely misses you.
You feel much better.
The wight hits you from afar with a +5 trident of freezing!
* * * LOW HITPOINT WARNING * * *
You feel drained.
* * * LOW HITPOINT WARNING * * *
The wight freezes you.
* * * LOW HITPOINT WARNING * * *
The wight closely misses you. The wight attacks as you move away!
The wight barely misses you.
You see here a +0 giant club.
There is an open door, spattered with blood here.
The wight attacks as you move away! The wight hits you but does no damage.
The wight attacks as you move away! The wight completely misses you.
The wight attacks as you move away!
The wight hits you with a +6 short sword of freezing!
* * * LOW HITPOINT WARNING * * *
The wight freezes you.
* * * LOW HITPOINT WARNING * * *
You feel much better.
The wight hits you with a +6 short sword of freezing!
* * * LOW HITPOINT WARNING * * *
The wight freezes you.
* * * LOW HITPOINT WARNING * * *
You feel yourself speed up.
The wight hits you with a +6 short sword of freezing.
* * * LOW HITPOINT WARNING * * *
You feel drained.
* * * LOW HITPOINT WARNING * * *
The wight freezes you.
* * * LOW HITPOINT WARNING * * *
The wight hits you from afar with a +5 trident of freezing!
You die...

#..... .....# ###. #.....
....# #... #.....
#...###########.##
##.....####...##....[))...#
..............#.....#######
..............#.....#
?........)....#..<..#
..............#.....##
.........zz@..'......#
#######...##).#######....##
.....#######..##.# ######
>.........'.)....#
.........)#......#
........(.#...^..#
##...##...####...#
##...##)..### ...#
............# ....#


You could see 2 wights.

Vanquished Creatures
  2 ogres
  A phantom (D:6)
  A scorpion (D:5)
  2 wights (D:6)
  A howler monkey (D:6)
  2 hounds (D:5)
  A gnoll bouda (D:6)
  A sleepcap (D:6)
  5 iguanas
  Terence (D:3)
  6 gnolls
  5 adders
  A white imp (D:5)
  A worm (D:2)
  4 dart slugs
  8 orcs
  2 endoplasms (D:1)
  A giant cockroach (D:1)
  4 goblins
  4 hobgoblins
  4 quokkas
  7 ball pythons
  6 bats
  4 frilled lizards
  6 kobolds
  5 rats
85 creatures vanquished.

Vanquished Creatures (others)
  A fungus (D:2)
  2 plants (D:2)
3 creatures vanquished.

Grand Total: 88 creatures vanquished

Notes
Turn   | Place    | Note
-------+----------+-------------------------------------------
     0 | D:1      | Gabide the Ogre Monk began the quest for the Orb.
     0 | D:1      | Reached XP level 1. HP: 24/24 MP: 1/1
   209 | D:1      | Reached XP level 2. HP: 32/32 MP: 2/2
   841 | D:2      | Reached XP level 3. HP: 28/40 MP: 3/3
  1037 | D:2      | Found a faded altar of an unknown god.
  1265 | D:2      | Reached skill level 5 in Fighting
  1383 | D:2      | Reached XP level 4. HP: 41/50 MP: 4/4
  1650 | D:2      | Identified a scroll of acquirement
  1650 | D:2      | Acquired a +2 quick blade of venom
  1783 | D:3      | Noticed Terence
  1796 | D:3      | Killed Terence
  1797 | D:3      | Reached skill level 1 in Short Blades
  2548 | D:4      | Reached XP level 5. HP: 54/57 MP: 5/5
  2551 | D:4      | Reached skill level 2 in Short Blades
  2814 | D:4      | Reached skill level 3 in Short Blades
  3075 | D:4      | Noticed an ogre
  3081 | D:4      | Killed an ogre
  3082 | D:4      | Reached XP level 6. HP: 54/66 MP: 6/6
  3259 | D:5      | Entered Level 5 of the Dungeon
  3340 | D:5      | Reached skill level 4 in Short Blades
  3636 | D:5      | Found Vijigg's Lightly-Used Armoury.
  3654 | D:5      | Reached skill level 5 in Short Blades
  3654 | D:5      | Reached XP level 7. HP: 69/72 MP: 7/7
  4046 | D:6      | Found a staircase to the Ecumenical Temple.
  4121 | D:6      | Reached skill level 6 in Short Blades
  4220 | Temple   | Entered the Ecumenical Temple
  4225 | Temple   | Became a worshipper of Elyvilon the Healer
  4225 | Temple   | Reached * piety under Elyvilon
  4225 | Temple   | Reached ** piety under Elyvilon
  4534 | D:6      | Reached skill level 7 in Short Blades
  4534 | D:6      | Reached XP level 8. HP: 54/80 MP: 8/8
  4573 | D:6      | HP: 3/72 [wight/+6 short sword of freezing (4)]
  4586 | D:6      | Slain by a wight

Illustrated notes

Levels and vault maps discovered:
D:1:      lightli_arrival_quake, layout_basic
D:2:      layout_basic, shapermc_ecumenical_altar_gd, minmay_misc_feat_iff,
          kennysheep_decorative_pillar
D:3:      layout_loops_ring, hex_medium, serial_bayou_ford_a, uniq_terence
D:4:      layout_loops_cross
D:5:      nicolae_cairo_tiling, layout_loops_cross, minmay_shop_damaged
D:6:      layout_gridville, general_overflow_altar, lemuel_temple_firewalk_a
Temple:   nicolae_temple_ecumenical_triangle

Skill      XL: |  1  2  3  4  5  6  7 |
---------------+----------------------+-----
Dodging        | 3 |  3.2
Fighting       | 5 |  5.1
Short Blades   | 1 3 5 7 |  7.2
Axes           | |  3.8

Action                     |  1- 3 |  4- 6 |  7- 9 || total
---------------------------+-------+-------+-------++-------
  Melee: Hand axe          |    81 |     8 |       ||    89
         Quick blade       |       |   116 |    86 ||   202
  Throw: Dart              |       |     1 |     3 ||     4
  Evoke: Wand              |       |       |     6 ||     6
    Use: Scroll            |     2 |    13 |     1 ||    16
         Potion            |       |       |     3 ||     3
 Armour: Robe              |    23 |    17 |     9 ||    49
  Dodge: Dodged            |    40 |    42 |    24 ||   106
